 Dungeon Crawl Stone Soup version 0.18-a0-1267-gff090c1 (webtiles) character file.

54 sugabear the Cudgeler (level 3, 0/18 HPs)
             Began as a Vine Stalker Gladiator on Feb 6, 2016.
             Slain by a jackal (1 damage)
             ... on level 3 of the Dungeon.
             The game lasted 00:02:20 (1649 turns).

sugabear the Cudgeler (Vine Stalker Gladiator)      Turns: 1649, Time: 00:02:20

Health: 0/18       AC:  4    Str: 18    XL:     3   Next: 91%
Magic:  0/4        EV: 12    Int:  8    God:
Gold:   81         SH:  0    Dex: 14    Spells: 0 memorised, 2 levels left

rFire  . . .     SeeInvis .     a - +0 flail
rCold  . . .     Gourm    .     b - +0 leather armour
rNeg   . . .     Faith    .     (no shield)
rPois  .         Spirit   +     c - +0 helmet
rElec  .         Dismiss  .     (no cloak)
rCorr  .         Reflect  .     (no gloves)
SustAt .         Harm     .     (no boots)
MR     .....                    (no amulet)
Stlth  +.........               (no ring)
                                (no ring)

@: lethally poisoned (0 -> 0), not resistant to hostile enchantments, very
unstealthy
A: fangs 2, regeneration 1, magic shield, antimagic bite, no device heal 3, rot
immunity
a: no special abilities


You were on level 3 of the Dungeon.
You were not hungry.

You visited 1 branch of the dungeon, and saw 3 of its levels.

You collected 81 gold pieces.

Inventory:

Hand Weapons
 a - a +0 flail (weapon)
Missiles
 d - 3 throwing nets (quivered)
Armour
 b - a +0 leather armour (worn)
 c - a +0 helmet (worn)
 h - a +0 ring mail
Magical Staves
 n - an uncursed staff of fire
Scrolls
 i - a scroll of amnesia {unknown}
 j - a scroll of remove curse {unknown}
 k - 2 scrolls of identify {unknown}
 l - 2 scrolls of magic mapping {unknown}
 m - a scroll of enchant weapon {unknown}
Potions
 e - 2 potions of curing {unknown}
 g - a potion of cure mutation {unknown}
 o - a potion of lignification {unknown}
Comestibles
 f - a bread ration
 p - a chunk of flesh


   Skills:
 + Level 2.1 Fighting
 + Level 3.4 Maces & Flails
 + Level 1.8 Throwing
 + Level 0.7 Armour
 + Level 2.8 Dodging


You had 2 spell levels left.
You didn't know any spells.

Dungeon Overview and Level Annotations

Branches:
Dungeon (3/15)

Altars:


Innate Abilities, Weirdness & Mutations

You have extremely sharp teeth.
Your natural rate of healing is unusually fast.
When hurt, damage is shared between your health and your magic reserves.
Your bite disrupts and absorbs the magic of your enemies.
Potions and wands cannot restore your health.
You are immune to rotting.


Message History

You barely miss the jackal.
You feel sick. The jackal barely misses you. The jackal bites you.
The jackal barely misses you. The rat barely misses you. The kobold hits you.
* * * LOW HITPOINT WARNING * * *
You are too injured to fight recklessly!
You are too injured to fight recklessly!
Unknown command.
The jackal closely misses you.
The jackal bites you but does no damage.
You feel sick.
The jackal bites you but does no damage.
The jackal bites you.
* * * LOW HITPOINT WARNING * * *
You feel sick. The jackal misses you. The jackal barely misses you.
The jackal bites you.
* * * LOW HITPOINT WARNING * * *
* * * LOW HITPOINT WARNING * * *
You feel sick. The jackal bites you.
You die...

......†...#
..........##########
........(..........#
....?....$.........#
..).>....#.l.......#
.........#...K.....#
.....?...#.........#
.........#....rK...#
.........#....hh@..#
.................<#
.......#.....#.#####
... ..######...###
... ..########...###
..###..##......#...#
..##......####...#.#
#.##...## ###.#.##
..##.#..####
#......#


You could see a giant gecko, 2 jackals, 2 kobolds and a rat.

Vanquished Creatures
  An adder (D:3)
  A worm (D:2)
  2 giant geckos (D:3)
  5 bats
  2 giant cockroaches (D:1)
  6 goblins
  2 hobgoblins (D:1)
  8 kobolds
  A quokka (D:2)
  4 giant newts
  6 rats
38 creatures vanquished.

Notes
Turn   | Place    | Note
--------------------------------------------------------------
     0 | D:1      | sugabear the Vine Stalker Gladiator began the quest for the Orb.
     0 | D:1      | Reached XP level 1. HP: 11/11 MP: 2/2
   118 | D:1      | Reached skill level 3 in Maces & Flails
   118 | D:1      | Reached XP level 2. HP: 13/15 MP: 3/3
   519 | D:1      | Reached XP level 3. HP: 18/18 MP: 4/4
  1649 | D:3      | Slain by a jackal

Vault maps used:
D:1:      lightli_arrival_maybe_door_vault
D:3:      hangedman_ru_absence, ecumenical_altar_1

Action                   || total
-------------------------++-------
Melee: Flail             ||    93
  Eat: Beef jerky        ||     1
       Chunk             ||     1
